AoeStats
← TheStupidBotOfc

Arabia

509290399Analyzed
1v1 RM · 6d ago on Sep 26, 2026· 33m 56s· 2 players
Game mode
Random Map
Map size
Tiny (2 player)
Population
200
Speed
Normal
Resources
Standard
Victory
Conquest
Starting age
Dark Age
Ending age
Imperial Age
RankedLock teamsTeams togetherTeam positionsShared explorationLock speedFull tech treeHidden civsTurbo modeCheats
Victory
Defeat
🇨🇳 Vikings · China
1116
+15
🇮🇳 Saxons · India
1103
-15
TheStupidBotOfc
7:07 Loom
10:16 Feudal Age
10:46 Double-Bit Axe
12:02 Man-at-Arms
14:49 Fletching
25:04 Castle Age
26:23 Wheelbarrow
25:13 Crossbowman
25:56 Padded Archer Armor
26:13 Bodkin Arrow
26:23 Horse Collar
27:57 Thumb Ring
33:07 Arson
七七2025
6:51 Loom
9:28 Feudal Age
13:47 Double-Bit Axe
14:48 Horse Collar
15:43 Fletching
17:36 Padded Archer Armor
23:40 Castle Age
22:49 Gold Mining
23:09 Scale Barding Armor
24:03 Elite Skirmisher
24:40 Bodkin Arrow
28:47 Leather Archer Armor
31:10 Chain Barding Armor
Connection lost

Rejoining the realm…

Still unreachable

The connection could not be restored.

Session expired

The server has moved on; the page needs a fresh start.